Map: Deathaura LE

Players

GeneralBlack - Winner!

  • Race: Terran Terran
  • League: Diamond
  • Spawn Location: 11:00

VOD

Have the link to the VOD?

Description

2 Base timing with CC followup as seen in the GSL. Explained by uThermal in https://www.youtube.com/watch?v=Jq7JBjbZS9I&

Time

  • Played on: June 5, 2020, 8:04 a.m.
  • Length: 8:02
Show
View Real Time Build Order
Export as new Build Order

GeneralBlack Terran - Winner!

Build Orders: Reaper Expand 

Get SALT Encoding   

  12  0:02  SCV  
  12  0:14  SCV  
  12  0:17  Supply Depot  
  12  0:26  SCV  
  12  0:38  SCV  
  12  0:39  Barracks  
  12  0:45  Refinery  
  12  0:51  SCV  
  12  1:03  SCV  
  12  1:15  SCV  
  12  1:27  Reaper  
  12  1:28  Orbital Command  
  12  1:41  Command Center  
  12  1:49  Supply Depot  
  12  1:54  SCV  
  12  1:59  Marine  
  12  2:06  SCV  
  12  2:16  Bunker  
  12  2:18  SCV, Factory  
  12  2:22  Barracks Reactor  
  12  2:25  Refinery  
  12  2:31  SCV  
  12  2:43  SCV  
  12  2:54  Orbital Command  
  12  2:55  SCV  
  12  2:58  Marine x2  
  12  3:03  Starport  
  12  3:07  SCV  
  12  3:08  Widow Mine  
  12  3:18  Marine x2  
  12  3:19  SCV  
  12  3:21  SCV  
  12  3:30  Widow Mine  
  12  3:31  SCV  
  12  3:33  SCV  
  12  3:37  Marine x2  
  12  3:41  Supply Depot x2  
  12  3:42  Medivac  
  12  3:43  SCV  
  12  3:46  SCV  
  12  3:51  Factory Tech Lab  
  12  4:02  SCV x2, Marine x2  
  12  4:05  Supply Depot x2  
  12  4:10  Siege Tank  
  12  4:15  SCV  
  12  4:17  SCV  
  12  4:20  Marine x2, Liberator  
  12  4:27  SCV  
  12  4:29  SCV  
  12  4:30  Supply Depot  
  12  4:32  Supply Depot  
  12  4:39  SCV  
  12  4:40  Marine x2  
  12  4:41  SCV  
  12  4:42  Siege Tank  
  12  4:51  SCV  
  12  4:53  SCV  
  12  4:57  Marine  
  12  4:58  Marine  
  12  5:03  SCV  
  12  5:05  SCV  
  12  5:13  Command Center, Starport Tech Lab  
  12  5:15  SCV, Siege Tank  
  12  5:17  Barracks  
  12  5:19  SCV, Barracks  
  12  5:22  Refinery  
  12  5:23  Refinery  
  12  5:25  Engineering Bay  
  12  5:26  Engineering Bay  
  12  5:27  SCV  
  12  5:31  SCV  
  12  5:39  SCV  
  12  5:42  Starport Reactor, Marine x2, Supply Depot  
  12  5:43  Supply Depot  
  12  5:44  SCV  
  12  5:56  SCV x2  
  12  5:57  Terran Infantry Weapons Level 1  
  12  6:04  Factory Reactor  
  12  6:05  Marine x2  
  12  6:13  Barracks  
  12  6:14  Barracks  
  12  6:16  Supply Depot, Marauder x2  
  12  6:17  Stimpack  
  12  6:18  Combat Shield  
  12  6:22  SCV x2  
  12  6:25  Orbital Command  
  12  6:27  Marine x2  
  12  6:34  SCV  
  12  6:35  Medivac  
  12  6:38  Medivac, Marine  
  12  6:39  Marine  
  12  6:40  SCV  
  12  6:43  Supply Depot  
  12  6:44  Supply Depot  
  12  6:45  Marine x2  
  12  6:46  SCV  
  12  6:47  Supply Depot x2  
  12  6:50  Widow Mine x2  
  12  6:53  Orbital Command  
  12  6:57  Marauder  
  12  7:01  Barracks Reactor x2, Marauder  
  12  7:04  Marine  
  12  7:05  Marine  
  12  7:07  SCV  
  12  7:08  SCV  
  12  7:13  Widow Mine x2  
  12  7:17  Medivac, Refinery  
  12  7:19  Marauder  
  12  7:20  Refinery  
  12  7:22  Marine x2  
  12  7:26  SCV x2  
  12  7:27  SCV  
  12  7:38  SCV  
  12  7:39  Marine x5  
  12  7:40  Marine x2, Widow Mine  
  12  7:42  SCV  
  12  7:43  SCV  
  12  7:57  Armory  
  12  8:00  Supply Depot  
  12  8:01  Supply Depot  
Tags
 
Add a new tag
Caveats
  • Supply blocks, unpowered buildings, or Contaminate may cause inaccurate times.
  • Supply counts are checked every 10 seconds.